 Dungeon Crawl Stone Soup version 0.28.0-53-g5a82cb258f (webtiles) character file.

Game seed: 8443512111620536934

107 Martska the Chiller (level 4, -1/33 HPs)
             Began as a Merfolk Ice Elementalist on June 1, 2022.
             Slain by an ice beast (4 damage)
             ... on level 3 of the Dungeon.
             The game lasted 00:05:10 (2945 turns).

Martska the Chiller (Merfolk Ice Elementalist)      Turns: 2945, Time: 00:05:11

Health: -1/33      AC:  4    Str:  8    XL:     4   Next: 85%
Magic:  7/7        EV: 13    Int: 16    God:
Gold:   85         SH:  0    Dex: 14    Spells: 6/7 levels left

rFire   . . .      SeeInvis .   o - +4 hand axe
rCold   . . .      Faith    .   (no shield)
rNeg    . . .      Spirit   .   a - +0 robe
rPois   .          Reflect  .   k - +0 helmet
rElec   .          Harm     .   l - +0 cloak
rCorr   .          Rampage  .   (no gloves)
Will    .....                   (no boots)
Stlth   ++........              (no amulet)
HPRegen 0.11/turn               (no ring)
MPRegen 0.10/turn               (no ring)

@: no status effects
A: (nimble swimmer 2), mertail
a: no special abilities


You were on level 3 of the Dungeon.
You visited 1 branch of the dungeon, and saw 3 of its levels.

You collected 85 gold pieces.

Inventory:

Hand Weapons
 c - a +0 whip
 o - a +4 hand axe (weapon)
Armour
 a - a +0 robe (worn)
 k - a +0 helmet (worn)
 l - a +0 cloak (worn)
Scrolls
 b - 2 scrolls of teleportation {unknown}
 f - a scroll of blinking {unknown}
 h - 2 scrolls of vulnerability {unknown}
 i - 2 scrolls of brand weapon {unknown}
 j - a scroll of fear {unknown}
 p - a scroll of immolation {unknown}
Potions
 d - a potion of attraction {unknown}
 e - a potion of degeneration {unknown}
 g - a potion of might {unknown}
 m - a potion of flight {unknown}


   Skills:
 * Level 2.2 Fighting
 * Level 4.2 Dodging
 + Level 2.9 Stealth
 + Level 2.4 Spellcasting
 + Level 4.7 Ice Magic


You had 6 spell levels left.
You knew the following spells:

 Your Spells              Type           Power      Damage    Failure   Level
a - Freeze                Ice            68%        1d8       2%          1

Your spell library contained the following spells:

 Spells                   Type           Power      Damage    Failure   Level
 Frozen Ramparts          Ice            34%        1d5       9%          3
 Ozocubu's Armour         Ice            17%        N/A       9%          3
 Hailstorm                Conj/Ice       9%         3d4       58%         4


Dungeon Overview and Level Annotations

Branches:
Dungeon (3/15)

Altars:


Innate Abilities, Weirdness & Mutations

((You are very nimble when in or above water. (Stealth+, EV+, Speed+++)))
Your lower body shifts to a powerful aquatic tail in water.


Message History

No target in view!
An ice beast comes into view.
An ice beast is nearby!
The helpless ice beast fails to defend itself.
You hit the ice beast but do no damage. The ice beast hits you.
The ice beast freezes you!
You hit the ice beast but do no damage. The ice beast barely misses you.
The ice beast hits you but does no damage.
You completely miss the ice beast.
The ice beast hits you but does no damage.
You barely miss the ice beast. The ice beast barely misses you.
You hit the ice beast.
The ice beast is lightly wounded.
The ice beast closely misses you.
You hit the ice beast but do no damage.
The ice beast is lightly wounded.
The ice beast hits you but does no damage.
The ice beast hits you. The ice beast freezes you!
* * * LOW HITPOINT WARNING * * *
You are too injured to fight recklessly!
You are too injured to fight recklessly!
You are too injured to fight recklessly!
You are too injured to fight recklessly!
Aiming: Throw Flame
Press: ? - help, Shift-Dir - straight line, f - ice beast
Aim: an ice beast (lightly wounded, 68% to hit)
The puff of flame hits the ice beast.
The ice beast melts!
The ice beast is moderately wounded.
The now-empty wand crumbles to dust.
The ice beast hits you but does no damage.
You hit the ice beast but do no damage.
The ice beast is moderately wounded.
The ice beast hits you but does no damage.
You slash the ice beast!
The ice beast is severely wounded.
The ice beast barely misses you.
You hit the ice beast.
The ice beast is severely wounded.
The ice beast hits you.
You die...

### ### #.# #.#
..#############.# ####
#.#......Y@.....# ...#
#.#.###########.#
##.####.#.### #.#
............# #.#
##.####.#.#.### #.# #.#
#.#.# ..# #.#
#.####.#.###.# #.#
##.#........#.#######.##
........#†#.#..........#


You could see an ice beast.

Vanquished Creatures
  Jessica (D:2)
  Terence (D:2)
  2 adders
  An orc (D:3)
  6 ball pythons
  6 endoplasms
  8 hobgoblins
  6 kobolds
  2 bats
  A frilled lizard (D:1)
  4 rats
38 creatures vanquished.

Notes
Turn   | Place    | Note
-------+----------+-------------------------------------------
     0 | D:1      | Martska the Merfolk Ice Elementalist began the quest for
                  | the Orb.
     0 | D:1      | Reached XP level 1. HP: 13/13 MP: 3/3
   525 | D:1      | Reached XP level 2. HP: 20/20 MP: 3/5
  1072 | D:1      | Reached skill level 1 in Fighting
  1683 | D:2      | Reached XP level 3. HP: 23/26 MP: 6/6
  2020 | D:2      | Found a faded altar of an unknown god.
  2025 | D:2      | Noticed Jessica
  2037 | D:2      | Killed Jessica
  2043 | D:2      | Reached XP level 4. HP: 20/33 MP: 3/7
  2231 | D:2      | Noticed Terence
  2469 | D:2      | Killed Terence
  2928 | D:3      | Noticed an ice beast
  2945 | D:3      | Slain by an ice beast

Illustrated notes

Levels and vault maps discovered:
D:1:      amcnicky_arrival_feature_with_door, layout_basic,
          chequers_serial_rivers_room_a, fountainhead, fountainhead,
          minmay_domino_4
D:2:      layout_rooms, ebering_ecumenical_altar_sacrificial, uniq_terence,
          uniq_jessica
D:3:      layout_basic, kennysheep_donut

Skill      XL: |  1  2  3  4 |
---------------+-------------+-----
Dodging        | 3 4 |  4.2
Fighting       | 1 2 |  2.2
Stealth        | |  2.9
Spellcasting   | |  2.4
Ice Magic      | |  4.7

Action                   |  1- 3 |  4- 6 || total
-------------------------+-------+-------++-------
Melee: Unarmed           |     1 |       ||     1
       Whip              |    80 |     2 ||    82
       Punch             |     1 |       ||     1
       Hand axe          |       |    22 ||    22
 Cast: Freeze            |    21 |     9 ||    30
Evoke: Wand              |       |     1 ||     1
 Stab: Sleeping          |     6 |     1 ||     7
Armor: Robe              |    20 |    11 ||    31
Dodge: Dodged            |    75 |    13 ||    88
